 Dungeon Crawl Stone Soup version 0.25-a0-488-g03579ab4a3 (webtiles) character file.

Game seed: 6277699624724231397, levelgen mode: deterministic

9965 night the Fighter (level 11, -3/89 (90) HPs)
             Began as a Demonspawn Ice Elementalist on Feb 10, 2020.
             Was a Plaything of Xom.
             Slain by a wraith (6 damage)
             ... led by Josephine
             ... on level 10 of the Dungeon.
             The game lasted 00:43:04 (10940 turns).

night the Fighter (Demonspawn Ice Elementalist)    Turns: 10940, Time: 00:43:04

HP:   -3/89 (90)    AC: 13    Str:  8    XL:     11   Next: 30%
MP:   19/30         EV:  9    Int: 20    God:    Xom [.....*]
Gold: 549           SH:  7    Dex: 14    Spells: 9/24 levels left

rFire    . . .     SeeInvis .   z - +7 dagger "Dragon's Death Toll" {chaos, Stlth+}
rCold    . . .     Gourm    .   G - +2 buckler
rNeg     . . .     Faith    .   C - +1 swamp dragon scales
rPois    +         Spirit   .   (helmet restricted)
rElec    .         Reflect  .   (no cloak)
rCorr    .         Harm     .   F - +0 pair of gloves
MR       .....                  s - +0 pair of boots
Stlth    ++........             (no amulet)
HPRegen  0.24/turn              a - ring of wizardry
MPRegen  0.22/turn              B - ring of magical power

@: death channel, drained
A: horns 1, slimy green scales 2, blurry vision 1, powered by death 1
a: Renounce Religion


You were on level 10 of the Dungeon.
You worshipped Xom.
You were Xom's teddy bear.
You were hungry.

You visited 1 branch of the dungeon, and saw 10 of its levels.

You collected 549 gold pieces.

Inventory:

Hand Weapons
 l - a +0 dagger
 m - a +2 dagger of venom
 y - the +6 long sword of Xawa {protect, rN+ Int+3}
   (You found it on level 4 of the Dungeon)

   It grants its wielder temporary protection when it strikes (+7 to AC).
   It affects your intelligence (+3).
   It protects you from negative energy.
 z - the +7 dagger "Dragon's Death Toll" (weapon) {chaos, Stlth+}
   (Xom gifted it to you on level 3 of the Dungeon)

   Each time it hits an enemy it has a different, random effect.
   It makes you more stealthy.
Armour
 s - a +0 pair of boots (worn)
 C - +1 swamp dragon scales (worn)
 F - a +0 pair of gloves (worn)
 G - a +2 buckler (worn)
Magical Staves
 r - an uncursed staff of wizardry
 H - an uncursed staff of energy
Jewellery
 a - a ring of wizardry (left hand)
 u - a +4 ring of dexterity
 w - an uncursed ring of resist corrosion
 x - an uncursed ring of protection from magic
 B - a ring of magical power (right hand)
 I - a +4 ring of strength
Wands
 t - a wand of digging (5)
Scrolls
 b - 17 scrolls of identify
 g - a scroll of fog
 i - a scroll of amnesia
 k - a scroll of vulnerability {unknown}
 p - a scroll of enchant armour
 q - a scroll of enchant weapon
 D - 6 scrolls of remove curse
 E - 5 scrolls of teleportation {unknown}
 J - 2 scrolls of summoning {unknown}
Potions
 d - 2 potions of lignification
 e - a potion of heal wounds
 f - a potion of berserk rage {unknown}
 h - a potion of curing
 j - 4 potions of mutation {unknown}
 n - a potion of degeneration {unknown}
 o - a potion of magic {unknown}
 v - 2 potions of might {unknown}
 K - a potion of ambrosia {unknown}
Comestibles
 c - 26 rations
 A - 10 chunks of flesh


   Skills:
 + Level 9.8(8.6) Fighting
 + Level 4.7(3.6) Short Blades
 - Level 1.7(0.7) Dodging
 - Level 1.7(0.7) Stealth
 - Level 5.6(4.5) Shields
 + Level 7.2(6.0) Spellcasting
 + Level 9.8(8.5) Ice Magic


You had 9 spell levels left.
You knew the following spells:

 Your Spells              Type           Power        Failure   Level  Hunger
a - Freeze                Ice            ####         1%          1    None
b - Frozen Ramparts       Ice            #####.       1%          3    ##.....
c - Ozocubu's Armour      Chrm/Ice       ###.....     7%          3    ##.....
d - Hailstorm             Conj/Ice       ###.....     22%         4    ####...
e - Summon Ice Beast      Ice/Summ       ###.....     22%         4    ####...

Your spell library contained the following spells:

 Spells                   Type           Power        Failure   Level  Hunger
 Beastly Appendage        Tmut           #.....       13%         1    None
 Sticks to Snakes         Tmut           #.......     19%         2    None
 Ice Form                 Ice/Tmut       ###.....     22%         4    ####...
 Spider Form              Tmut/Pois      #.........   34%         3    ##.....
 Blade Hands              Tmut           #.........   96%         5    #####..


Dungeon Overview and Level Annotations

Branches:
Dungeon (10/15)            Temple (0/1) D:4            Lair (0/6) D:9
    Orc: D:9-12

Altars:
Ashenzari
Fedhas
Gozag
Hepliaklqana
Qazlal
Ru
Sif Muna
Vehumet
Xom
The Shining One

Shops:
D:6 *

Annotations:
D:10 Josephine


Innate Abilities, Weirdness & Mutations

You have a pair of small horns on your head.
You are mostly covered in slimy green scales. (AC +3)
You regenerate a little health from kills.
Scrolls take you a little longer to read.


Message History

Josephine closely misses you. The wraith misses you.
The wraith hits your ice beast!
Your ice beast dies!
You barely miss Josephine.
Josephine is almost dead.
You block Josephine's attack. The wraith barely misses you.
You closely miss Josephine.
Josephine is almost dead.
Josephine screams, "I'll use your head as a decoration in my hut!"
Josephine gestures at you while chanting.
The ghostly flame explodes!
The ghostly fireball engulfs you!!
You feel drained.
* * * LOW HITPOINT WARNING * * *
The ghostly fireball engulfs the wraith.
The wraith completely resists.
The ghostly fireball engulfs the wraith.
The wraith completely resists.
The ghostly fireball engulfs Josephine.
Josephine completely resists.
The wraith hits you.
You die...
Xom howls with laughter!

..# #= ..# #.## ..#
#..# #### ##.# ...#
#.## ...# #..# ...#
##W## ##.# #WW# #.#
##@# #.#### #####
#@## #### #....# ...#
#..# ..... ####.#
#.####.#......
#.######...##........
#.).))...............
#######....##....####
#..[.####.#..# #.#..#
..#..#


You could see Josephine and 3 wraiths.

Vanquished Creatures
  A hydra (D:8)
  A two-headed ogre (D:10)
  2 unseen horrors
  Pikel (D:6)
  Maggie (D:6)
  Grinder (D:5)
  2 dream sheep (D:8)
  Sigmund (D:3)
  A wyvern (D:9)
  2 yaks (D:8)
  Grum (D:9)
  A hungry ghost (D:7)
  Duvessa (D:7)
  6 porcupines (D:9)
  2 sky beasts
  An ice beast (D:8)
  An orc warrior (D:6)
  A slave (D:6)
  3 black bears
  An eye of draining (D:9)
  2 ogres
  2 phantoms
  A centaur (D:7)
  2 wolves (D:9)
  4 big kobolds
  Blork the orc (D:5)
  6 bullfrogs
  Dowan (D:7)
  2 scorpions
  A water moccasin skeleton (D:7)
  9 wights
  A howler monkey (D:4)
  2 crimson imps
  A bullfrog zombie (D:7)
  5 hounds
  2 jellies
  4 orc priests
  11 orc wizards
  Jessica (D:3)
  2 bullfrog skeletons
  6 worker ants
  Terence (D:3)
  3 killer bee zombies
  2 hound zombies
  2 hound skeletons
  4 worker ant zombies
  Robin (D:4)
  10 adders
  2 shadow imps
  4 adder skeletons
  3 worms
  3 dart slugs
  7 leopard geckos
  53 orcs
  2 ball pythons
  4 bats
  3 giant cockroaches
  9 hobgoblins
  8 jackals
  6 kobolds
  3 quokkas
  5 frilled lizards
  14 goblins
  A jackal zombie (D:5)
  A leopard gecko zombie (D:7)
  11 rats
259 creatures vanquished.

Vanquished Creatures (collateral kills)
  A two-headed ogre (D:9)
  Edmund (D:3)
  An ogre (D:10)
  A wolf (D:9)
  2 orcs
6 creatures vanquished.

Vanquished Creatures (others)
  A crimson imp (D:6)
  An orc priest (D:4)
  An iguana (D:6)
  An adder (D:6)
  4 jackals (D:6)
  3 fungi (D:9)
  2 plants
13 creatures vanquished.

Grand Total: 278 creatures vanquished

Notes
Turn   | Place    | Note
-------+----------+-------------------------------------------
     0 | D:1      | night the Demonspawn Ice Elementalist began the quest for
                  | the Orb.
     0 | D:1      | Reached XP level 1. HP: 13/13 MP: 3/3
   600 | D:1      | Gained mutation: You are partially covered in slimy green
                  | scales. (AC +2) [demonic ancestry]
   600 | D:1      | Reached XP level 2. HP: 20/20 MP: 3/5
  1032 | D:1      | Reached skill level 1 in Fighting
  1330 | D:2      | Reached XP level 3. HP: 24/26 MP: 4/6
  1338 | D:2      | Learned a level 3 spell: Frozen Ramparts
  1951 | D:2      | Found a faded altar of an unknown god.
  1954 | D:2      | Became a worshipper of Xom of Chaos
  2033 | D:2      | XOM: divination: magic mapping
  2904 | D:3      | Reached skill level 2 in Fighting
  2904 | D:3      | Reached XP level 4. HP: 33/33 MP: 4/8
  2953 | D:3      | XOM: mild Necr miscast
  3063 | D:3      | Learned a level 3 spell: Ozocubu's Armour
  3065 | D:3      | XOM: divination: detect items
  3139 | D:3      | Noticed Jessica
  3150 | D:3      | Killed Jessica
  3283 | D:3      | XOM: cloud trail
  3599 | D:3      | Noticed Sigmund
  3604 | D:3      | XOM: harmless Pois miscast
  3612 | D:3      | XOM: potion effect (might)
  3651 | D:3      | Killed Sigmund
  3651 | D:3      | Gained mutation: You regenerate a little health from kills.
                  | [demonic ancestry]
  3651 | D:3      | Reached XP level 5. HP: 31/40 MP: 0/10
  3651 | D:3      | Gained mutation: You have a pair of small horns on your
                  | head. [demonic ancestry]
  3651 | D:3      | Reached XP level 6. HP: 35/46 MP: 0/11
  3758 | D:3      | Noticed Terence
  3783 | D:3      | Killed Terence
  3971 | D:3      | XOM: harmless Necr miscast
  4067 | D:4      | Reached skill level 5 in Ice Magic
  4222 | D:4      | Noticed Robin
  4252 | D:4      | Killed Robin
  4286 | D:4      | Found a shattered altar of Ashenzari.
  4287 | D:4      | Found a shimmering blue altar of Sif Muna.
  4288 | D:4      | Found a radiant altar of Vehumet.
  4288 | D:4      | Found a stormy altar of Qazlal.
  4568 | D:4      | Found a staircase to the Ecumenical Temple.
  4706 | D:4      | Got a crystal long sword
  4706 | D:4      | Identified the +6 long sword of Xawa {protect, rN+ Int+3}
                  | (You found it on level 4 of the Dungeon)
  4719 | D:4      | Learned a level 4 spell: Hailstorm
  4817 | D:5      | Entered Level 5 of the Dungeon
  4817 | D:5      | Noticed Edmund
  4847 | D:5      | Noticed Grinder
  4961 | D:4      | XOM: enchant monster (good)
  4998 | D:3      | XOM: cloud trail
  5107 | D:3      | Killed Edmund
  5107 | D:3      | Gained mutation: You are mostly covered in slimy green
                  | scales. (AC +3) [demonic ancestry]
  5107 | D:3      | Reached XP level 7. HP: 31/53 MP: 13/13
  5116 | D:3      | XOM: god gift: iridescent dagger {god gift}
  5117 | D:3      | Got an iridescent dagger {god gift}
  5117 | D:3      | Identified the +7 dagger "Dragon's Death Toll" {chaos,
                  | Stlth+} (Xom gifted it to you on level 3 of the Dungeon)
  5252 | D:4      | XOM: destruction
  5266 | D:5      | Paralysed by Grinder for 4 turns
  5270 | D:5      | XOM: summons friendly shadow imp
  5278 | D:5      | XOM: potion effect (agility)
  5319 | D:5      | Killed Grinder
  5441 | D:5      | XOM: mild Necr miscast
  5723 | D:5      | XOM: harmless Pois miscast
  5782 | D:5      | Noticed Blork the orc
  5814 | D:5      | Killed Blork the orc
  5814 | D:5      | Reached skill level 5 in Spellcasting
  5870 | D:5      | XOM: harmless Chrm miscast
  6085 | D:6      | Reached skill level 5 in Fighting
  6123 | D:6      | XOM: mild Chrm miscast
  6225 | D:6      | Noticed Pikel
  6231 | D:6      | XOM: chaos cloud
  6233 | D:6      | Reached XP level 8. HP: 61/61 MP: 11/15
  6239 | D:6      | XOM: confusion
  6280 | D:6      | XOM: noise
  6287 | D:6      | Killed Pikel
  6287 | D:6      | Reached skill level 2 in Shields
  6464 | D:6      | XOM: summons 2 hostile shadow creatures
  6609 | D:6      | XOM: harmless Hex miscast
  6645 | D:6      | XOM: confusion
  6661 | D:6      | Found an opulent altar of Gozag.
  6661 | D:6      | XOM: 4-stop teleportation journey
  6677 | D:6      | Found a glowing golden altar of the Shining One.
  6698 | D:6      | Found a blossoming altar of Fedhas.
  6756 | D:6      | Noticed Maggie
  6763 | D:6      | XOM: noise
  6767 | D:6      | XOM: harmless Tloc miscast
  6773 | D:6      | Killed Maggie
  6811 | D:6      | XOM: noise
  6819 | D:6      | Found Galot's General Store.
  6893 | D:6      | XOM: stat loss: -1 Int (21/22)
  6916 | D:6      | XOM: summons 4 hostile demons
  7009 | D:6      | Reached XP level 9. HP: 64/70 MP: 13/16
  7061 | D:6      | Found a sacrificial altar of Ru.
  7112 | D:6      | XOM: mild Conj miscast
  7565 | D:7      | Found a hazy altar of Hepliaklqana.
  7812 | D:7      | XOM: give mutation
  7812 | D:7      | Gained mutation: Scrolls take you a little longer to read.
                  | [Xom's mischief]
  7860 | D:7      | Killed an unseen horror
  7860 | D:7      | Reached skill level 5 in Shields
  7891 | D:7      | XOM: silly message
  8034 | D:7      | XOM: noise
  8042 | D:7      | Noticed Duvessa
  8042 | D:7      | Noticed Dowan
  8156 | D:7      | Killed Duvessa
  8171 | D:7      | Killed Dowan
  8578 | D:6      | XOM: polymorph freed slave -> steam dragon
  8656 | D:8      | Reached XP level 10. HP: 79/79 MP: 11/17
  9098 | D:8      | Reached skill level 1 in Short Blades
  9190 | D:8      | XOM: blink monster(s)
  9211 | D:8      | XOM: god gift: gnarled jewelled staff {god gift}
  9252 | D:8      | Reached skill level 2 in Short Blades
  9275 | D:8      | Noticed a two-headed hydra
  9283 | D:8      | Killed a two-headed hydra
  9554 | D:9      | Noticed a two-headed ogre
  9558 | D:9      | XOM: divination: detect items
  9561 | D:9      | Found a staircase to the Lair.
  9561 | D:9      | XOM: 1-stop teleportation journey
  9566 | D:9      | XOM: blink monster(s)
  9669 | D:9      | Learned a level 4 spell: Summon Ice Beast
  9831 | D:9      | Found a shimmering altar of Xom.
  9911 | D:9      | XOM: stat loss: -1 Int (19/20)
 10069 | D:9      | XOM: divination: magic mapping
 10077 | D:9      | Killed a two-headed ogre
 10077 | D:9      | Reached XP level 11. HP: 88/88 MP: 8/21
 10278 | D:9      | Noticed Grum
 10293 | D:9      | Killed Grum
 10464 | D:9      | XOM: cloud trail
 10559 | D:10     | Entered Level 10 of the Dungeon
 10590 | D:10     | Killed an unseen horror
 10725 | D:10     | Identified the +8 battleaxe "Detoymp" {vorpal, Str+6}
 10867 | D:10     | Noticed a two-headed ogre
 10882 | D:10     | Killed a two-headed ogre
 10922 | D:10     | XOM: noise
 10923 | D:10     | Noticed Josephine
 10931 | D:10     | XOM: blink monster(s)
 10936 | D:10     | XOM: cast spell 'Death Channel'
 10940 | D:10     | HP: 3/89 [Josephine/ghostly fireball (24)]
 10940 | D:10     | Slain by a wraith

Levels and vault maps discovered:
D:1:      dpeg_arrival_three_smaller_balls, layout_basic, serial_corexii_hall,
          corexii_hall_statues_i, chequers_hall_statues_corner_a,
          minmay_hedge_maze
D:2:      layout_basic, serial_forest, infiniplex_forest_diagonal,
          infiniplex_forest_corner_1, infiniplex_forest_clump_tiny,
          infiniplex_forest_end_1, infiniplex_forest_clump_tiny,
          infiniplex_forest_clump_medium, infiniplex_forest_clump_medium,
          chequers_ecumenical_altar_simple_redux
D:3:      layout_loops_corners, nrook_mini_backslash, uniq_jessica,
          uniq_terence, uniq_sigmund
D:4:      layout_basic, chequers_temple_overflow_statue_of_worship,
          minmay_temple_entry_gardened_gates, first_ration,
          kennysheep_generic_room_10, uniq_robin
D:5:      layout_rooms, minmay_holes, uniq_grinder, uniq_blork_the_orc,
          uniq_edmund
D:6:      layout_loops_corners, kennysheep_mini,
          minmay_overflow_temple_star_quad, serial_shops, kennysheep_little_box,
          uniq_maggie, uniq_pikel
D:7:      black_bear_nest_2, layout_gridville, lemuel_doored_altar, uniq_duvessa
D:8:      layout_basic, hangedman_ranch [blue_anna_fruit_fields]
D:9:      layout_roguey, nicolae_overflow_crystal_walls,
          due_lair_maze_entry_diamond, st_stairs_1, corexii_hall_statues_t,
          uniq_grum
D:10:     layout_basic, uniq_josephine

Skill      XL: |  1  2  3  4  5  6  7  8  9 10 11 |
---------------+----------------------------------+-----
Fighting       | 1 2 3 4 5 6 8 9 |  9.8
Ice Magic      | 4 5 6 7 8 9 |  9.8
Spellcasting   | 3 4 5 6 7 |  7.2
Shields        | 3 5 |  5.6
Short Blades   | 4 |  4.7
Dodging        | |  1.7
Stealth        | |  1.7

Action                   |  1- 3 |  4- 6 |  7- 9 | 10-12 || total
-------------------------+-------+-------+-------+-------++-------
Melee: Dagger            |    52 |    40 |   175 |   130 ||   397
       Long sword        |       |    17 |    32 |       ||    49
       Headbutt          |       |    10 |    27 |    27 ||    64
       Staff             |       |       |     8 |    25 ||    33
 Cast: Freeze            |    25 |     7 |     4 |       ||    36
       Frozen Ramparts   |     6 |    13 |    30 |    26 ||    75
       Ozocubu's Armour  |       |     2 |     1 |       ||     3
       Hailstorm         |       |       |     1 |     3 ||     4
       Summon Ice Beast  |       |       |       |     8 ||     8
  Use: Scroll            |       |     2 |     2 |     8 ||    12
 Stab: Sleeping          |     1 |       |     8 |     5 ||    14
       Petrified         |       |     9 |       |       ||     9
       Petrifying        |       |       |     2 |       ||     2
       Paralysed         |       |       |     1 |       ||     1
  Eat: Chunk             |     7 |     7 |    15 |     9 ||    38
Armor: Robe              |    19 |    22 |    26 |       ||    67
       Swamp dragon scal |       |       |    69 |    64 ||   133
Dodge: Dodged            |    36 |    37 |   108 |    61 ||   242
Block: Buckler           |       |       |    46 |    48 ||    94
       Rpst.: Long sword |       |     4 |     6 |       ||    10

Table legend:
 A = Non-vault XP
 B = Vault XP
 C = Vault XP percentage of total XP
 D = Non-vault monster count
 E = Vault monster count
 F = Vault count percentage of total count
                 A         B        C        D         E       F
            +---------+---------+-------+---------+---------+-------
      Total |    8003 |    6234 |  43.8 |     215 |      49 |  18.6
            +---------+---------+-------+---------+---------+-------
        D:1 |      35 |       0 |   0.0 |      14 |       0 |   0.0
        D:2 |      36 |       0 |   0.0 |      19 |       0 |   0.0
        D:3 |      91 |     420 |  82.2 |      22 |       4 |  15.4
        D:4 |     161 |      42 |  20.7 |      12 |      14 |  53.8
        D:5 |     199 |     316 |  61.4 |      24 |       2 |   7.7
        D:6 |     712 |    1024 |  59.0 |      24 |       2 |   7.7
        D:7 |    2045 |     344 |  14.4 |      33 |       3 |   8.3
        D:8 |     555 |    2160 |  79.6 |      17 |       8 |  32.0
        D:9 |    1980 |    1928 |  49.3 |      26 |      16 |  38.1
       D:10 |    2189 |       0 |   0.0 |      24 |       0 |   0.0
            +---------+---------+-------+---------+---------+-------
